 Dungeon Crawl Stone Soup version 0.23.0 (webtiles) character file.

Game seed: 15696140885656308232

12079 LostNumber the Martial Artist (level 11, -7/97 HPs)
             Began as a Black Draconian Transmuter on Feb 10, 2019.
             Was a High Priest of Okawaru.
             Mangled by a spiny frog (19 damage)
             ... on level 3 of the Lair of Beasts.
             The game lasted 00:27:27 (17575 turns).

LostNumber the Martial Artist (DrTm)               Turns: 17575, Time: 00:27:28

Health: -7/97      AC:  8    Str: 12    XL:     11   Next: 57%
Magic:  23/26      EV: 20    Int: 17    God:    Okawaru [*****.]
Gold:   676        SH:  0    Dex: 17    Spells: 3/18 levels left

rFire    . . .     SeeInvis .     - Unarmed
rCold    . . .     Gourm    .   (no shield)
rNeg     . . .     Faith    .   (armour unavailable)
rPois    .         Spirit   .   (helmet restricted)
rElec    +         Reflect  .   (no cloak)
rCorr    .         Harm     .   (no gloves)
MR       .....                  l - +0 pair of boots
Stlth    +++.......             B - amulet of inaccuracy (curse)
HPRegen  0.26/turn              m - +5 ring of dexterity
MPRegen  0.20/turn              q - ring of magical power

@: appendage, heroism
A: breathe lightning, unfitting armour, horns 2, electricity resistance,
cold-blooded, AC +7
a: Breathe Lightning, End Transformation, Heroism, Finesse, Renounce Religion


You were on level 3 of the Lair of Beasts.
You worshipped Okawaru.
Okawaru was extremely pleased with you.
You were not hungry.
You had grown temporary horns.
You visited 2 branches of the dungeon, and saw 12 of its levels.
You also visited: Ice Cave.

You collected 676 gold pieces.

Inventory:

Hand Weapons
 g - a +1 whip of electrocution
   (You took it off a kobold on level 1 of the Dungeon)
Missiles
 a - 173 arrows
 j - a throwing net (quivered) {!f}
Armour
 l - a +0 pair of boots (worn)
   (You found it on level 6 of the Dungeon)
 L - a +0 cloak
   (You found it on level 2 of the Lair of Beasts)
Jewellery
 b - an uncursed ring of ice
   (You found it on level 3 of the Dungeon)
 m - a +5 ring of dexterity (left hand)
   (You found it on level 3 of the Dungeon)
 q - a ring of magical power (right hand)
   (You found it on level 6 of the Dungeon)
 B - a cursed amulet of inaccuracy (around neck)
   (You found it on level 7 of the Dungeon)
 G - an uncursed ring of fire {unknown}
   (You found it on level 9 of the Dungeon)
Wands
 t - a wand of flame (26)
   (You found it on level 8 of the Dungeon)
 u - a wand of paralysis (7)
   (You found it on level 2 of the Lair of Beasts)
 v - a wand of digging (8)
   (You took it off an orc wizard on level 8 of the Dungeon)
 x - a wand of acid (12)
   (You found it on level 3 of the Dungeon)
Scrolls
 c - 5 scrolls of teleportation {@r4}
 h - 2 scrolls of blinking {unknown}
 k - a scroll of enchant armour {unknown}
 s - 3 scrolls of enchant weapon
 y - 2 scrolls of brand weapon {unknown}
 z - a scroll of immolation {unknown}
 C - a scroll of noise {unknown}
 I - a scroll of magic mapping {unknown}
 K - a scroll of remove curse {unknown}
 M - a scroll of fog {unknown}
Potions
 d - 4 potions of heal wounds {@q2}
 f - 3 potions of berserk rage
 i - a potion of cancellation {unknown}
 n - 2 potions of mutation {!q}
 o - 2 potions of lignification {!q}
 p - a potion of degeneration {unknown}
 r - a potion of haste {@q3}
 w - a potion of ambrosia
 A - a potion of brilliance
 D - a potion of magic {unknown}
 E - a potion of agility {unknown}
 H - a potion of curing {@q1}
 P - a potion of might {unknown}
Miscellaneous
 F - a lamp of fire
   (You found it on level 9 of the Dungeon)
 J - a phantom mirror
Comestibles
 e - 25 rations {!d}
 N - 10 chunks of flesh


   Skills:
 + Level 9.0(14.0) Fighting
 - Level 6.0(11.0) Dodging
 + Level 10.7(15.7) Unarmed Combat
 - Level 4.0 Spellcasting
 + Level 7.8 Transmutations
 - Level 2.3 Ice Magic
 + Level 8.2 Invocations


You had 3 spell levels left.
You knew the following spells:

 Your Spells              Type           Power        Failure   Level  Hunger
a - Beastly Appendage     Tmut           ####..       1%          1    None
b - Blade Hands           Tmut           ####......   19%         5    ######.
c - Ice Form              Ice/Tmut       ###.....     21%         4    ####...
s - Sticks to Snakes      Tmut           ####....     1%          2    ##.....
x - Spider Form           Tmut/Pois      ###.......   10%         3    ###....

Your spell library contained the following spells:

 Spells                   Type           Power        Failure   Level  Hunger
 Freeze                   Ice            ##..         6%          1    None
 Magic Dart               Conj           #...         16%         1    None
 Summon Small Mammal      Summ           #...         16%         1    None
 Throw Frost              Conj/Ice       #.....       16%         2    ##.....
 Blink                    Tloc           N/A          24%         2    ##.....
 Call Imp                 Summ           #.......     24%         2    ##.....
 Slow                     Hex            #.......     24%         2    ##.....
 Ozocubu's Armour         Chrm/Ice       #.......     30%         3    ###....
 Call Canine Familiar     Summ           #.......     43%         3    ###....
 Conjure Flame            Conj/Fire      #.......     43%         3    ###....
 Mephitic Cloud           Conj/Pois/Air  #.......     43%         3    ###....
 Summon Guardian Golem    Hex/Summ       #.......     43%         3    ###....
 Summon Ice Beast         Ice/Summ       #.......     69%         4    ####...
 Throw Icicle             Conj/Ice       #.......     69%         4    ####...
 Summon Lightning Spire   Summ/Air       #.......     83%         4    ####...


Dungeon Overview and Level Annotations

Branches:
Dungeon (9/15)             Temple (0/1) D:7            Lair (3/6) D:9
  Snake (0/4) Lair:3
  Swamp: Lair:2-4    Shoals: Lair:2-4       Orc: D:9-12

Altars:
Okawaru
Uskayaw
Beogh
Jiyva

Shops:
D:6 :

Annotations:
D:9 3 runed translucent doors, Uqejoa's ghost, novice OpTm


Innate Abilities, Weirdness & Mutations

You can breathe wild blasts of lightning.
Your glossy black scales are hard. (AC +7)
You cannot fit into any form of body armour.
You are resistant to electric shocks. (rElec)
You are cold-blooded and may be slowed by cold attacks.
You have a pair of horns on your head.


Message History

The polar bear closely misses you. x2; The polar bear completely misses you.
You bite the torpor snail!
The torpor snail looks as sick as possible!
The torpor snail bites you!
* * * LOW HITPOINT WARNING * * *
The polar bear bites you.
* * * LOW HITPOINT WARNING * * *
The polar bear closely misses you. The polar bear barely misses you.
You gain the combat prowess of a mighty hero.
A spiny frog comes into view.
The polar bear goes berserk!
The torpor snail misses you.
The polar bear misses you. x2; The polar bear claws you.
* * * LOW HITPOINT WARNING * * *
You bite the torpor snail!
The torpor snail looks as sick as possible!
The polar bear closely misses you. x2; The polar bear barely misses you.
The torpor snail misses you.
You bite the torpor snail!
The torpor snail looks as sick as possible!
The polar bear completely misses you. The polar bear barely misses you. x2
The polar bear completely misses you.
The polar bear claws you but does no damage.
The polar bear completely misses you. The torpor snail bites you!
* * * LOW HITPOINT WARNING * * *
You kill the torpor snail!
Okawaru accepts your kill.
Your base Fighting skill increases to level 9!
The polar bear completely misses you. x3
You bite the polar bear!
The polar bear looks as sick as possible!
Your transformation has ended.
Your +0 pair of boots unmelds from your body.
You feel yourself speed up. The polar bear closely misses you. x2
The polar bear claws you but does no damage.
The polar bear bites you but does no damage.
The polar bear misses you. The polar bear closely misses you.
You punch the polar bear!
You kill the polar bear!
Okawaru accepts your kill.
You grow a pair of large bovine horns.
The spiny frog stings you but does no damage.
Unknown command.
You hit the spiny frog but do no damage.
You headbutt the spiny frog. The spiny frog misses you.
You closely miss the spiny frog. The spiny frog completely misses you.
You closely miss the spiny frog. The spiny frog stings you!
* * * LOW HITPOINT WARNING * * *
You barely miss the spiny frog. The spiny frog stings you!!
You die...

### ### .P###..#
....... ..... ....
##.. #†.# #F## ##@.#
##...# ##....# # .#
#.#...#P#.####.#
##.............#
###...###.......
#.......# ##...
#.......## #.###
#.........####.P.####


You could see a spiny frog.

Vanquished Creatures
  A black mamba (Lair:1)
  A torpor snail (Lair:3)
  3 spiny frogs
  A komodo dragon (Lair:2)
  A polar bear (Lair:3)
  5 blink frogs (Lair:2)
  A hippogriff (D:9)
  A basilisk (Lair:2)
  A wyvern (Lair:2)
  7 yaks
  2 hungry ghosts (D:7)
  3 nagas (Lair:3)
  Menkaure (D:4)
  10 water moccasins
  A porcupine (Lair:1)
  3 orc warriors
  2 ice beasts
  2 sky beasts
  2 black bears
  A hornet zombie (D:9)
  5 phantoms
  4 wolves
  2 ogres
  A centaur (D:9)
  3 crocodiles
  9 bullfrogs
  8 killer bees
  2 scorpions
  4 wights (D:7)
  4 electric eels (D:9)
  3 crimson imps
  A howler monkey (D:1)
  A centaur skeleton (D:4)
  7 orc priests
  11 hounds
  6 jellies
  13 orc wizards
  6 worker ants
  A worker ant zombie (D:5)
  A hound skeleton (D:5)
  6 gnolls
  2 adders
  3 shadow imps
  12 white imps
  4 oozes (D:8)
  An adder zombie (D:7)
  3 adder skeletons
  4 worms
  2 dart slugs (D:1)
  5 leopard geckos
  38 orcs
  5 giant cockroaches
  7 goblins
  12 hobgoblins
  4 jackals
  4 kobolds
  6 quokkas
  A ball python (D:1)
  9 bats
  6 frilled lizards
  A leopard gecko skeleton (D:4)
  A leopard gecko zombie (D:6)
  A quokka skeleton (D:5)
  6 rats
284 creatures vanquished.

Vanquished Creatures (collateral kills)
  2 spiny frogs
  A troll (D:9)
  A killer bee (D:8)
  A jelly (D:8)
  An ooze (D:8)
  An orc (D:4)
7 creatures vanquished.

Vanquished Creatures (others)
  3 fungi
  4 plants (Lair:2)
7 creatures vanquished.

Grand Total: 298 creatures vanquished

Notes
Turn   | Place    | Note
-------+----------+-------------------------------------------
     0 | D:1      | LostNumber the Draconian Transmuter began the quest for the
                  | Orb.
     0 | D:1      | Reached XP level 1. HP: 16/16 MP: 3/3
   305 | D:1      | Reached XP level 2. HP: 21/23 MP: 3/5
  1041 | D:2      | Noticed a howler monkey
  1047 | D:1      | Reached XP level 3. HP: 26/29 MP: 3/6
  1086 | D:2      | HP: 1/29 [kobold/+1 whip of electrocution (5)]
  1404 | D:1      | Reached skill level 4 in Unarmed Combat
  1411 | D:1      | Learned a level 2 spell: Sticks to Snakes
  1415 | D:1      | Learned a level 3 spell: Spider Form
  1530 | D:2      | Reached XP level 4. HP: 26/36 MP: 5/7
  1634 | D:2      | Found a hide-covered altar of Uskayaw.
  2534 | D:3      | Reached XP level 5. HP: 24/44 MP: 6/8
  3732 | D:4      | Noticed Menkaure
  3774 | D:4      | Killed Menkaure
  3774 | D:4      | Reached skill level 5 in Unarmed Combat
  3774 | D:4      | Reached XP level 6. HP: 42/51 MP: 2/9
  3854 | D:4      | Noticed a sky beast
  4683 | D:4      | Found an iron altar of Okawaru.
  4851 | D:4      | Your scales start taking on a glossy black colour.
  4851 | D:4      | Reached XP level 7. HP: 53/58 MP: 11/11
  4851 | D:4      | Gained mutation: You are resistant to electric shocks.
                  | (rElec) [Black Draconian growth]
  4886 | D:4      | Became a worshipper of Warmaster Okawaru
  5041 | D:5      | Entered Level 5 of the Dungeon
  5268 | D:5      | Learned a level 4 spell: Ice Form
  5851 | D:5      | Reached skill level 1 in Invocations
  6095 | D:6      | Reached skill level 6 in Unarmed Combat
  6643 | D:6      | Reached XP level 8. HP: 52/67 MP: 9/13
  6647 | D:6      | Found Onahuelu's Book Boutique.
  7041 | D:5      | Reached * piety under Okawaru
  7291 | D:6      | Reached skill level 7 in Unarmed Combat
  7647 | D:7      | Reached skill level 5 in Fighting
  7647 | D:7      | Reached ** piety under Okawaru
  7969 | D:6      | Learned a level 5 spell: Blade Hands
  8033 | D:7      | Reached XP level 9. HP: 56/74 MP: 15/15
  8307 | D:7      | Found a staircase to the Ecumenical Temple.
  8664 | D:7      | Reached skill level 5 in Dodging
  8699 | D:7      | Reached skill level 8 in Unarmed Combat
  8904 | D:7      | Reached *** piety under Okawaru
  9637 | D:8      | Reached skill level 5 in Transmutations
  9749 | D:8      | Reached skill level 5 in Invocations
  9855 | D:8      | Reached skill level 9 in Unarmed Combat
 10118 | D:8      | Reached XP level 10. HP: 54/84 MP: 16/16
 10452 | D:8      | Reached **** piety under Okawaru
 10638 | D:8      | Found a viscous altar of Jiyva.
 10951 | D:9      | Found a runed translucent gate.
 10951 | D:9      | Identified the cursed +0 hand axe "Ronnirr" {chop, rN++ MR+
                  | Int-2 SInv}
 10951 | D:9      | Identified the +6 plate armour "Nyteag" {rC+}
 10951 | D:9      | Noticed Uqejoa's ghost (novice OpTm)
 10952 | D:9      | Found a runed translucent gate.
 10953 | D:9      | Found a roughly hewn altar of Beogh.
 10953 | D:9      | Found a runed translucent gate.
 11185 | D:9      | Found a staircase to the Lair.
 12761 | Lair:1   | Entered Level 1 of the Lair of Beasts
 12936 | Lair:1   | Noticed a spiny frog
 12950 | Lair:1   | Killed a spiny frog
 13377 | Lair:1   | Noticed a black mamba
 13388 | Lair:1   | Killed a black mamba
 13388 | Lair:1   | Reached skill level 1 in Ice Magic
 14069 | Lair:2   | Noticed a spiny frog
 14082 | Lair:2   | Killed a spiny frog
 14095 | Lair:2   | Reached ***** piety under Okawaru
 14338 | Lair:2   | Reached skill level 10 in Unarmed Combat
 15089 | Lair:2   | Reached XP level 11. HP: 82/94 MP: 17/17
 15894 | Lair:3   | Found a frozen archway.
 16602 | Lair:3   | Was placed under penance by Okawaru
 16626 | IceCv    | Entered an ice cave
 16626 | IceCv    | Noticed a white ugly thing
 16730 | Lair:2   | Was forgiven by Okawaru
 17544 | Lair:3   | Found a staircase to the Snake Pit.
 17575 | Lair:3   | Mangled by a spiny frog

Skill      XL: |  1  2  3  4  5  6  7  8  9 10 11 |
---------------+----------------------------------+-----
Dodging        | 2 3 4 5 6 |  6.0
Fighting       | 2 3 4 5 6 8 9 |  9.0
Unarmed Combat | 4 5 6 7 9 10 | 10.7
Transmutations | 3 4 5 6 7 |  7.8
Spellcasting   | 3 4 |  4.0
Invocations    | 2 3 5 6 8 |  8.2
Ice Magic      | 2 |  2.3

Action                   |  1- 3 |  4- 6 |  7- 9 | 10-12 || total
-------------------------+-------+-------+-------+-------++-------
Melee: Unarmed           |    96 |   208 |   487 |   444 ||  1235
       Tailslap          |    11 |    20 |    44 |    44 ||   119
       Headbutt          |     1 |     9 |    27 |    17 ||    54
       Kick              |    12 |    10 |     3 |       ||    25
       Punch             |       |     1 |    18 |    10 ||    29
 Cast: Beastly Appendage |    14 |    18 |    24 |    18 ||    74
       Sticks to Snakes  |       |     8 |    12 |    20 ||    40
       Spider Form       |       |     3 |    16 |    16 ||    35
       Ice Form          |       |       |       |     3 ||     3
Invok: Heroism           |       |       |     2 |     9 ||    11
 Abil: Breathe Lightning |       |       |     6 |     8 ||    14
Evoke: Wand              |       |       |       |     6 ||     6
  Use: Scroll            |       |       |     9 |     3 ||    12
       Potion            |       |       |       |     1 ||     1
 Stab: Sleeping          |     1 |     2 |     1 |     2 ||     6
       Distracted        |       |     1 |     1 |     3 ||     5
  Eat: Chunk             |     2 |    12 |    14 |    19 ||    47
       Ration            |       |       |     2 |     3 ||     5
Armor: Skin              |    41 |    49 |    73 |    74 ||   237
Dodge: Dodged            |    94 |   118 |   335 |   509 ||  1056
